 Dungeon Crawl Stone Soup version 0.16-a0-922-gae79c9c (webtiles) character file.

807 JacquesDerrida the Insei (level 7, -6/49 HPs)
             Began as a Demonspawn Venom Mage on Sept 30, 2014.
             Was an Initiate of Ru.
             Mangled by a gnoll
             ... wielding a +0 halberd
              (16 damage)
             ... on Level 7 of the Dungeon.
             The game lasted 00:17:13 (3466 turns).

JacquesDerrida the Insei (Demonspawn Venom Mage)    Turns: 3466, Time: 00:17:13

HP  -6/49        AC  6     Str  8      XL: 7   Next: 60%
MP  12/12        EV  9     Int 16      God: Ru [......]
Gold 273         SH  0     Dex 16      Spells:  1 memorised,  9 levels left

rFire  . . .     SeeInvis .     x - +0 blowgun
rCold  + . .     Clarity  .     k - +0 leather armour
rNeg   . . .     rCorr    .     (no shield)
rPois  .         rRot     .     (no helmet)
rElec  .         Spirit   .     (no cloak)
SustAb .         Warding  .     (no gloves)
rMut   .         Stasis   .     (no boots)
Gourm  +                        u - amulet of the gourmand
MR     .....                    (no ring)
                                (no ring)

@: not resistant to hostile enchantments, unstealthy
A: hooves 1, icy blue scales 2, cold resistance 1
a: Renounce Religion


You were on level 7 of the Dungeon.
You worshipped Ru.
Ru was noncommittal.
You were very hungry.

You visited 2 branches of the dungeon, and saw 8 of its levels.

You collected 273 gold pieces.

Inventory:

Hand weapons
 d - a +2 short sword of venom
 o - a cursed -2 blowgun
 x - a +0 blowgun (weapon)
 A - the -2 cutlass "Jivud" {slice, +Rage rPois rF+}
   (You found it on level 5 of the Dungeon)

   It inflicts extra damage upon your enemies.
   It protects you from fire.
   It protects you from poison.
   It lets you go berserk.
Missiles
 y - 10 poisoned needles (quivered)
 B - a throwing net
Armour
 a - a +0 robe
 k - a +0 leather armour (worn)
Magical devices
 D - a wand of random effects (16)
Comestibles
 c - 2 bread rations
 h - 4 meat rations
 v - a slice of pizza
Scrolls
 e - 2 scrolls of enchant armour {unknown}
 f - 3 scrolls of identify
 g - 2 scrolls of remove curse
 r - a scroll of magic mapping {unknown}
 s - a scroll of teleportation {unknown}
 t - a scroll of recharging {unknown}
 w - 3 scrolls of enchant weapon {unknown}
 z - a scroll of immolation {unknown}
Jewellery
 u - an amulet of the gourmand (around neck)
Potions
 i - a potion of heal wounds {unknown}
 j - a potion of flight {unknown}
 l - a potion of resistance {unknown}
 m - a potion of curing
 n - a potion of degeneration {unknown}
 p - 2 potions of invisibility {unknown}
 q - a potion of mutation {unknown}
 C - a potion of restore abilities {unknown}
Books
 b - a Young Poisoner's Handbook

   Spells                             Type                      Level
   *Sting                             Conjuration/Poison           1
   Cure Poison                        Poison                       2
   Mephitic Cloud                     Conjuration/Poison/Air       3
   Olgreb's Toxic Radiance            Poison                       4
   Venom Bolt                         Conjuration/Poison           5


   Skills:
 + Level 1.8 Fighting
 - Level 1.7 Dodging
 - Level 1.7 Stealth
 + Level 7.2 Unarmed Combat
 - Level 2.0 Spellcasting
 - Level 1.7 Conjurations
 - Level 4.0 Poison Magic


You had 9 spell levels left.
You knew the following spells:

 Your Spells              Type           Power        Failure   Level  Hunger
a - Sting                 Conj/Pois      ##..         10%         1    #......


Dungeon Overview and Level Annotations

Branches:
Dungeon (7/15)             Temple (1/1) D:5

Altars:
Cheibriados
Dithmenos
Fedhas
Gozag
Kikubaaqudgha
Makhleb
Ru
Trog
Vehumet
Xom
Zin
The Shining One

Shops:
D:4 *   D:5 }


Innate Abilities, Weirdness & Mutations

You have large cloven feet.
You are mostly covered in icy blue scales (AC +3, EV -1).
Your flesh is cold resistant.


Message History

* * * LOW HITPOINT WARNING * * *
You kill the jackal!
Firing (i - inventory. (,) - cycle):
y - 12 poisoned needles (quivered)
Press: ? - help, Shift-Dir - straight line, f - gnoll
Aim: a gnoll, wielding a halberd You shoot a poisoned needle.
The poisoned needle hits the gnoll!
The gnoll is poisoned.
The gnoll hits you from afar with a halberd!
* * * LOW HITPOINT WARNING * * *
The gnoll looks more healthy.
An iguana comes into view.
The iguana hisses angrily.
Firing (i - inventory. (,) - cycle):
y - 11 poisoned needles (quivered)
Press: ? - help, Shift-Dir - straight line, f/p - gnoll
Aim: a gnoll, wielding a halberd (heavily wounded)
You shoot a poisoned needle. The poisoned needle hits the gnoll!
The gnoll is poisoned.
The gnoll is heavily wounded.
The gnoll hits you from afar with a halberd!
You die...

.............#
..............###
.................##
......................#
........................
.....[......#.......l...
..........g###g.........
..........## ##.....###
.........## ##@...# ...
.........# #....# ..>.
#........# ##....# ...
.........# ##..<..## #..
.........# #.......## #..
.........# ##........# ##..
.<....(..####.........## ##...
###..((..##............##
###...!
####.....(.....(......###.....(


You could see an iguana and a gnoll.

Vanquished Creatures
  2 ogres
  A giant frog (D:6)
  A crimson imp (D:7)
  2 hounds
  2 goliath beetles (D:6)
  A giant frog skeleton (D:4)
  2 orc priests
  4 worker ants
  2 orc wizards (D:4)
  4 gnolls
  4 adders
  A worm (D:4)
  2 giant geckos
  11 orcs
  3 ball pythons
  5 bats
  6 giant cockroaches
  14 hobgoblins
  3 quokkas
  2 giant newts
  6 goblins
  A goblin skeleton (D:4)
  A hobgoblin zombie (D:5)
  8 jackals
  8 kobolds
  A quokka zombie (D:5)
  10 rats
107 creatures vanquished.

Vanquished Creatures (others)
  2 plants (D:6)
2 creatures vanquished.

Grand Total: 109 creatures vanquished

Notes
Turn   | Place    | Note
--------------------------------------------------------------
     0 | D:1      | JacquesDerrida, the Demonspawn Venom Mage, began the quest for the Orb.
     0 | D:1      | Reached XP level 1. HP: 13/13 MP: 3/3
    81 | D:1      | Reached skill level 1 in Conjurations
   117 | D:1      | Gained mutation: You are partially covered in icy blue scales (AC +1). [demonic ancestry]
   117 | D:1      | Reached XP level 2. HP: 17/19 MP: 0/4
   254 | D:1      | Reached skill level 1 in Unarmed Combat
   458 | D:2      | Reached XP level 3. HP: 12/24 MP: 4/6
   589 | D:2      | Found a blossoming altar of Fedhas.
   776 | D:3      | Gained mutation: You are mostly covered in icy blue scales (AC +3, EV -1). [demonic ancestry]
   776 | D:3      | Reached XP level 4. HP: 13/30 MP: 1/7
   889 | D:3      | Found a shadowy altar of Dithmenos.
  1067 | D:4      | Found a glowing golden altar of the Shining One.
  1230 | D:4      | Gained mutation: You have large cloven feet. [demonic ancestry]
  1230 | D:4      | Reached XP level 5. HP: 28/35 MP: 7/9
  1808 | D:4      | Reached skill level 5 in Unarmed Combat
  1808 | D:4      | Reached XP level 6. HP: 37/41 MP: 2/10
  1845 | D:4      | Found an opulent altar of Gozag.
  1859 | D:4      | Found Gozag's Platinum Reserve.
  1942 | D:4      | Found a burning altar of Makhleb.
  2003 | D:5      | Entered Level 5 of the Dungeon
  2046 | D:5      | Found Jileh's Gadget Boutique.
  2075 | D:5      | Got a brightly glowing cutlass
  2079 | D:5      | Identified the cursed -2 cutlass "Jivud" {slice, +Rage rPois rF+} (You found it on level 5 of the Dungeon)
  2609 | D:5      | Found a staircase to the Ecumenical Temple.
  2614 | Temple   | Entered the Ecumenical Temple
  2652 | Temple   | Became a worshipper of Ru the Awakened
  2768 | D:5      | Reached skill level 6 in Unarmed Combat
  2817 | D:6      | Found a snail-covered altar of Cheibriados.
  2886 | D:6      | Gained mutation: Your flesh is cold resistant. [demonic ancestry]
  2886 | D:6      | Reached XP level 7. HP: 7/46 MP: 6/12
  3355 | D:7      | Reached skill level 7 in Unarmed Combat
  3406 | D:7      | Reached skill level 1 in Fighting
  3466 | D:7      | Mangled by a gnoll

Action                   |  1- 3 |  4- 6 |  7- 9 || total
-------------------------+-------+-------+-------++-------
Melee: Short sword       |    38 |    75 |     7 ||   120
       Unarmed           |       |       |    24 ||    24
 Fire: Blowgun           |       |     2 |    16 ||    18
 Cast: Sting             |    50 |    85 |    18 ||   153
Evoke: Wand              |       |       |     1 ||     1
  Use: Potion            |       |     2 |       ||     2
       Scroll            |       |     2 |       ||     2
 Stab: Sleeping          |       |     1 |       ||     1
  Eat: Chunk             |       |     7 |     2 ||     9
       Pizza             |       |     1 |       ||     1
